AoeStats
← ME_DEPRIME_JUGAR_CON_USTEDES

African Clearing

506864571Analyzed
4v4 RM · 17d ago on Sep 15, 2026· 54m 5s· 8 players
Game mode
Random Map
Map size
Large (8 player)
Population
200
Speed
Normal
Resources
Standard
Victory
Conquest
Starting age
Dark Age
Ending age
Imperial Age
RankedLock teamsTeams togetherTeam positionsShared explorationLock speedFull tech treeHidden civsTurbo modeCheats
Victory
Defeat
🇨🇳 Magyars · China
1483
+19
🇲🇽 Teutons · Mexico
1467
+20
🇺🇸 Mongols · United States
1442
+21
🇮🇳 Turks · India
1412
+22
1663
-25
🇦🇷 Maya · Argentina
1531
-20
🇹🇼 Persians · Taiwan
1529
-20
🇹🇼 Celts · Taiwan
1465
-17
robecha18
4:16 Loom
13:28 Feudal Age
14:06 Horse Collar
14:13 Double-Bit Axe
21:19 Castle Age
19:53 Stone Mining
20:29 Scale Mail Armor
20:47 Forging
24:15 Gold Mining
30:03 Wheelbarrow
31:14 Iron Casting
30:55 Chain Mail Armor
32:59 Squires
32:44 Gambesons
37:04 Ironclad
39:01 Fletching
39:24 Heavy Plow
40:28 Hand Cart
40:49 Bloodlines
44:47 Imperial Age
42:44 Bow Saw
43:40 Scale Barding Armor
43:31 Bodkin Arrow
45:50 Conscription
44:51 Cavalier
45:54 Chain Barding Armor
46:34 Blast Furnace
45:11 Pikeman
45:37 Arson
47:54 Plate Barding Armor
48:04 Stone Shaft Mining
47:24 Paladin
48:46 Halberdier
50:16 Plate Mail Armor
49:47 Padded Archer Armor
50:18 Crenellations
53:15 Ballistics
54:36 Crop Rotation
NUR
10:23 Loom
12:38 Feudal Age
14:09 Bloodlines
13:54 Double-Bit Axe
15:00 Horse Collar
16:23 Forging
18:04 Wheelbarrow
18:24 Scale Barding Armor
20:05 Horse Collar
24:41 Gold Mining
27:52 Castle Age
28:59 Husbandry
29:35 Iron Casting
29:21 Chain Barding Armor
29:36 Hand Cart
40:14 Heavy Plow
45:18 Town Watch
45:19 Loom
49:53 Bow Saw
53:02 Gold Shaft Mining
55:10 Imperial Age
53:15 Stone Mining
54:02 Gold Shaft Mining
53:18 Stone Mining
53:20 Fletching
54:43 Ballistics
54:34 Masonry
54:04 Treadmill Crane
54:20 Murder Holes
Rain
15:00 Feudal Age
19:00 Castle Age
28:36 Gold Mining
29:49 Scale Barding Armor
29:51 Pikeman
32:45 Chain Barding Armor
39:16 Stone Mining
41:35 Horse Collar
43:38 Wheelbarrow
43:13 Heavy Plow
43:30 Corvinian Army
46:35 Bloodlines
46:26 Husbandry
47:50 Fletching
抖音帝国时代dmv
12:21 Feudal Age
13:20 Double-Bit Axe
16:46 Castle Age
16:22 Fletching
16:33 Gold Mining
17:28 Bodkin Arrow
19:39 Loom
19:41 Town Watch
26:54 Wheelbarrow
27:58 Padded Archer Armor
29:59 Bow Saw
31:20 Ballistics
32:11 Hand Cart
31:58 Gold Mining
33:06 Horse Collar
35:49 Heavy Plow
37:33 Bloodlines
37:23 Husbandry
37:56 Thumb Ring
39:33 Gold Shaft Mining
38:48 Stone Mining
42:53 Imperial Age
44:18 Parthian Tactics
44:59 Chemistry
43:59 Bracer
45:08 Conscription
45:11 Leather Archer Armor
45:58 Scale Barding Armor
46:03 Forging
47:05 Elite Skirmisher
49:48 Heavy Cavalry Archer
51:50 Elite Mangudai
54:52 Hoardings
TW_Jerry YT @TW-aoe2noobs
4:49 Loom
6:23 Double-Bit Axe
15:12 Feudal Age
13:28 Horse Collar
16:12 Bow Saw
19:39 Castle Age
18:08 Heavy Plow
19:28 Scale Mail Armor
22:12 Squires
23:49 Chain Mail Armor
28:37 Wheelbarrow
30:46 Forging
34:56 Gold Mining
34:57 Stone Mining
38:20 Imperial Age
36:10 Scale Barding Armor
35:50 Cavalier
37:44 Two-Man Saw
38:04 Fletching
38:36 Chain Barding Armor
38:51 Iron Casting
38:42 Husbandry
38:32 Paladin
41:13 Plate Barding Armor
41:10 Fletching
44:15 Fletching
45:28 Blast Furnace
46:07 Plate Mail Armor
47:25 Conscription
47:11 Burgundian Vineyards
49:58 Padded Archer Armor
51:24 Chemistry
50:44 Ballistics
51:30 Leather Archer Armor
51:34 Hand Cart
52:06 Gold Shaft Mining
52:06 Light Cavalry
TW_andy.fet
9:39 Loom
13:21 Feudal Age
14:37 Double-Bit Axe
14:34 Horse Collar
17:49 Bloodlines
18:39 Scale Barding Armor
23:26 Castle Age
31:22 Husbandry
39:58 Wheelbarrow
53:19 Hand Cart
Kou_Bs
10:12 Loom
14:35 Feudal Age
19:16 Castle Age
18:51 Double-Bit Axe
18:49 Horse Collar
19:05 Fletching
20:05 Bodkin Arrow
23:39 Padded Archer Armor
25:09 Wheelbarrow
31:17 Leather Archer Armor
46:21 Pikeman
48:00 Scale Mail Armor
50:38 Chain Mail Armor
ME_DEPRIME_JUGAR_CON_USTEDES
14:16 Feudal Age
13:41 Loom
15:24 Double-Bit Axe
15:27 Loom
18:18 Castle Age
16:15 Stone Mining
18:36 Gold Mining
18:47 Fletching
19:14 Bow Saw
20:34 Bodkin Arrow
30:18 Padded Archer Armor
31:19 Leather Archer Armor
32:31 Horse Collar
40:13 Wheelbarrow
40:11 Heavy Plow
42:44 Ballistics
45:58 Imperial Age
43:39 Squires
43:40 Scale Mail Armor
44:13 Masonry
43:43 Elite Skirmisher
44:54 Hand Cart
45:38 Stone Shaft Mining
45:26 Pikeman
46:51 Bracer
47:50 Architecture
48:21 Chemistry
47:53 Ring Archer Armor
47:43 Hul'che Javelineers
48:10 Conscription
50:49 Two-Man Saw
50:07 Chain Mail Armor
51:08 Forging
51:13 Murder Holes
52:11 Hoardings
53:13 Holcans
52:09 Eagle Warrior
52:35 Arson
52:46 Elite Plumed Archer
Connection lost

Rejoining the realm…

Still unreachable

The connection could not be restored.

Session expired

The server has moved on; the page needs a fresh start.